 Dungeon Crawl Stone Soup version 0.25-a0-578-gc91f01c39c (webtiles) character file.

Game seed: 1994940374609074338, levelgen mode: deterministic

439504 inmateoo the Warrior (level 22, -11/189 HPs)
             Began as a Vampire Monk on Mar 5, 2020.
             Was an Initiate of Gozag.
             Mangled by a golden dragon (24 damage)
             ... on level 4 of the Depths.
             The game lasted 02:07:15 (69977 turns).

inmateoo the Warrior (Vampire Monk)                Turns: 69977, Time: 02:07:16

Health: -11/189    AC: 30    Str: 21    XL:     22   Next: 99%
Magic:  31/32      EV: 11    Int: 10    God:    Gozag
Gold:   1914       SH: 16    Dex: 24    Spells: 20/21 levels left

rFire    + + +     SeeInvis +   P - +9 staff of Olgreb {rPois∞}
rCold    + + +     Gourm    .   f - +2 shield of Resistance {rF+ rC+ MR+}
rNeg     . . .     Faith    .   h - +1 gold dragon scales of Weirdness {rPois rF+ rC+ Str+3 Stlth+} (curse)
rPois    ∞         Spirit   .   j - +0 helmet of Calculation {Dex+6 SInv} (curse)
rElec    +         Reflect  .   C - +2 cloak {+Inv}
rCorr    .         Harm     .   S - +2 pair of gloves {Str+3}
MR       +++++     Rnd*Rage +   T - +0 pair of boots of Hairiness {rElec Dex-3 Slay+3} (curse)
Stlth    ..........             d - necklace of Bloodlust {*Rage +Rage MR++ Int-3 Slay+6 *Curse} (curse)
HPRegen  0.61/turn              M - +4 ring of slaying
MPRegen  0.23/turn              Z - ring of Fipeo {*Slow rElec rF+ rC+ Stlth+}

@: gold aura, regenerating quickly
A: no food, fangs 3, see invisible, unbreathing
}: 2/15 runes: serpentine, barnacled
a: Exsanguinate, Potion Petition, Call Merchant, Bribe Branch, Renounce
Religion, Evoke Berserk Rage, Evoke Invisibility


You were on level 4 of the Depths.
You worshipped Gozag.
Gozag was most pleased with you.
You were alive.

You visited 8 branches of the dungeon, and saw 40 of its levels.
You also visited: Ossuary, Gauntlet and Ice Cave.

You collected 26976 gold pieces.
You spent 15998 gold pieces at shops.
You paid 9064 gold pieces to Gozag.

Inventory:

Hand Weapons
 K - the +8 autumn katana {vorpal, Clar}
   (You found it on level 2 of the Depths)

   It inflicts extra damage upon your enemies.
   It protects you against confusion.
 P - the +9 staff of Olgreb (weapon) {rPois∞}
   (You found it on level 11 of the Dungeon)

   It grants immunity to poison.
Missiles
 g - 61 boomerangs (quivered)
 O - 11 throwing nets
Armour
 f - the +2 shield of Resistance (worn) {rF+ rC+ MR+}
   (You bought it in a shop on level 8 of the Dungeon)

   It protects you from fire.
   It protects you from cold.
   It affects your resistance to hostile enchantments.
 h - the cursed +1 gold dragon scales of Weirdness (worn) {rPois rF+ rC+ Str+3 Stlth+}
   (You bought it in a shop on level 1 of the Lair of Beasts)

   It affects your strength (+3).
   It protects you from fire.
   It protects you from cold.
   It protects you from poison.
   It makes you more stealthy.
   If you remove this armour, your AC will decrease by 20 (30 -> 10).
   It has a curse placed upon it.
 j - the cursed +0 helmet of Calculation (worn) {Dex+6 SInv}
   (You found it on level 3 of the Depths)

   It affects your dexterity (+6).
   It lets you see invisible.
   If you remove this armour, your AC will decrease by 2 (30 -> 28).
   It has a curse placed upon it.
 C - a +2 cloak of invisibility (worn)
 G - a +0 pair of boots of running
 S - a +2 pair of gloves of strength (worn)
 T - the cursed +0 pair of boots of Hairiness (worn) {rElec Dex-3 Slay+3}
   (You bought it in a shop on level 1 of the Lair of Beasts)

   It affects your dexterity (-3).
   It affects your accuracy and damage with ranged weapons and melee attacks
   (+3).
   It insulates you from electricity.
   If you remove this armour, your AC will decrease by 2 (30 -> 28).
   It has a curse placed upon it.
Jewellery
 d - the cursed necklace of Bloodlust (around neck) {*Rage +Rage MR++ Int-3 Slay+6 *Curse}
   (You bought it in a shop on level 1 of the Lair of Beasts)

   [amulet of rage]

   It affects your intelligence (-3).
   It affects your accuracy and damage with ranged weapons and melee attacks
   (+6).
   It affects your resistance to hostile enchantments.
   It lets you go berserk.
   It may make you go berserk in combat.
   It curses itself when equipped.
   It has a curse placed upon it.
 M - a +4 ring of slaying (left hand)
 Z - the ring of Fipeo (right hand) {*Slow rElec rF+ rC+ Stlth+}
   (You bought it in a shop on level 1 of the Lair of Beasts)

   [ring of stealth]

   It protects you from fire.
   It protects you from cold.
   It insulates you from electricity.
   It may slow you when you take damage.
   It makes you more stealthy.
Wands
 a - a wand of iceblast (22)
 r - a wand of clouds (3)
 B - a wand of paralysis (22)
 F - a wand of digging (10)
 N - a wand of disintegration (12)
 U - a wand of scattershot (5)
 V - a wand of acid (10)
Scrolls
 b - 6 scrolls of teleportation
 e - 20 scrolls of remove curse
 k - 3 scrolls of fog
 v - a scroll of blinking
 w - 11 scrolls of amnesia
 y - 6 scrolls of enchant armour
 E - 6 scrolls of magic mapping
 J - 2 scrolls of silence
 X - 12 scrolls of identify
 Y - a scroll of fear
Potions
 c - 3 potions of haste
 i - 29 potions of curing
 l - 10 potions of brilliance
 m - 10 potions of mutation
 n - 5 potions of stabbing
 o - 6 potions of flight
 p - a potion of berserk rage
 u - 5 potions of lignification
 x - 5 potions of heal wounds
 z - 2 potions of magic
 A - 3 potions of cancellation
 H - 8 potions of might
 Q - 3 potions of ambrosia
Miscellaneous
 q - 2 boxes of beasts
 s - 2 sacks of spiders
 t - a lightning rod (1/4)
 D - a phial of floods
 I - a tin of tremorstones
 L - 4 phantom mirrors
 R - a fan of gales


   Skills:
 + Level 19.7 Fighting
 * Level 10.3 Long Blades
   Level 8.4(10.0) Axes
   Level 8.4(13.8) Polearms
 - Level 14.3(15.0) Staves
 - Level 5.0 Throwing
 + Level 13.0 Armour
 - Level 12.0 Dodging
 - Level 3.0 Stealth
 + Level 13.4 Shields
 - Level 14.0 Evocations


You had 20 spell levels left.
You knew the following spells:

 Your Spells              Type           Power        Failure   Level  Hunger
a - Apportation           Tloc           #.....       100%        1    N/A

Your spell library contained the following spells:

 Spells                   Type           Power        Failure   Level  Hunger
 Animate Skeleton         Necr           N/A          100%        1    N/A
 Beastly Appendage        Tmut           #.....       100%        1    N/A
 Corona                   Hex            #......      100%        1    N/A
 Foxfire                  Conj/Fire      #...         100%        1    N/A
 Freeze                   Ice            #...         100%        1    N/A
 Infusion                 Chrm           #...         100%        1    N/A
 Magic Dart               Conj           #...         100%        1    N/A
 Pain                     Necr           #...         100%        1    N/A
 Sandblast                Erth           #.....       100%        1    N/A
 Shock                    Conj/Air       #...         100%        1    N/A
 Sting                    Tmut/Pois      #...         100%        1    N/A
 Summon Butterflies       Summ           #.......     100%        1    N/A
 Summon Small Mammal      Summ           #...         100%        1    N/A
 Ensorcelled Hibernation  Hex/Ice        #.....       100%        2    N/A
 Passwall                 Tmut/Erth      #.......     100%        2    N/A
 Poisonous Vapours        Pois/Air       #.....       100%        2    N/A
 Searing Ray              Conj           #.....       100%        2    N/A
 Shroud of Golubria       Chrm/Tloc      #.....       100%        2    N/A
 Slow                     Hex            #.......     100%        2    N/A
 Song of Slaying          Chrm           #.......     100%        2    N/A
 Sticks to Snakes         Tmut           #.......     100%        2    N/A
 Swiftness                Chrm/Air       #.......     100%        2    N/A
 Confusing Touch          Hex            #.......     100%        3    N/A
 Conjure Flame            Conj/Fire      #.......     100%        3    N/A
 Dazzling Flash           Conj/Hex       #.....       100%        3    N/A
 Frozen Ramparts          Ice            #.....       100%        3    N/A
 Gell's Gravitas          Tloc           #.........   100%        3    N/A
 Ignite Poison            Fire/Tmut/Pois #.......     100%        3    N/A
 Inner Flame              Hex/Fire       #.......     100%        3    N/A
 Lesser Beckoning         Tloc           #.........   100%        3    N/A
 Mephitic Cloud           Conj/Pois/Air  #.......     100%        3    N/A
 Ozocubu's Armour         Chrm/Ice       #.......     100%        3    N/A
 Portal Projectile        Hex/Tloc       #.....       100%        3    N/A
 Recall                   Summ/Tloc      N/A          100%        3    N/A
 Spectral Weapon          Hex/Chrm       #.......     100%        3    N/A
 Spider Form              Tmut/Pois      #.........   100%        3    N/A
 Static Discharge         Conj/Air       #.......     100%        3    N/A
 Stone Arrow              Conj/Erth      #.....       100%        3    N/A
 Summon Guardian Golem    Hex/Summ       #.......     100%        3    N/A
 Tukima's Dance           Hex            #.......     100%        3    N/A
 Vampiric Draining        Necr           #.........   100%        3    N/A
 Airstrike                Air            #.........   100%        4    N/A
 Animate Dead             Necr           N/A          100%        4    N/A
 Cause Fear               Hex            #.........   100%        4    N/A
 Fulminant Prism          Conj/Hex       #.........   100%        4    N/A
 Hailstorm                Conj/Ice       #.......     100%        4    N/A
 Ice Form                 Ice/Tmut       #.......     100%        4    N/A
 Iskenderun's Mystic Bla  Conj/Tloc      #.......     100%        4    N/A
 Leda's Liquefaction      Hex/Erth       #.........   100%        4    N/A
 Olgreb's Toxic Radiance  Pois           #.......     100%        4    N/A
 Passage of Golubria      Tloc           N/A          100%        4    N/A
 Petrify                  Tmut/Erth      #.......     100%        4    N/A
 Sticky Flame             Conj/Fire      #.......     100%        4    N/A
 Summon Ice Beast         Ice/Summ       #.......     100%        4    N/A
 Agony                    Necr           #.......     100%        5    N/A
 Alistair's Intoxication  Tmut/Pois      #.......     100%        5    N/A
 Aura of Abjuration       Summ           #.........   100%        5    N/A
 Blade Hands              Tmut           #.........   100%        5    N/A
 Bolt of Magma            Conj/Fire/Erth #.........   100%        5    N/A
 Borgnjor's Vile Clutch   Necr/Erth      #.........   100%        5    N/A
 Fireball                 Conj/Fire      #.........   100%        5    N/A
 Irradiate                Conj/Tmut      #.........   100%        5    N/A
 Iskenderun's Battlesphe  Conj/Chrm      #.......     100%        5    N/A
 Lee's Rapid Deconstruct  Erth           #.........   100%        5    N/A
 Lightning Bolt           Conj/Air       #.........   100%        5    N/A
 Metabolic Englaciation   Hex/Ice        #.........   100%        5    N/A
 Silence                  Hex/Air        #.........   100%        5    N/A
 Summon Demon             Summ           #.........   100%        5    N/A
 Summon Forest            Summ/Tloc      #.........   100%        5    N/A
 Summon Mana Viper        Hex/Summ       #.......     100%        5    N/A
 Yara's Violent Unravell  Hex/Tmut       #.........   100%        5    N/A
 Darkness                 Hex            #.........   100%        6    N/A
 Death Channel            Necr           #.........   100%        6    N/A
 Deflect Missiles         Chrm/Air       #.........   100%        6    N/A
 Freezing Cloud           Conj/Ice/Air   #.........   100%        6    N/A
 Hydra Form               Tmut           #.........   100%        6    N/A
 Invisibility             Hex            #.......     100%        6    N/A
 Iron Shot                Conj/Erth      #.........   100%        6    N/A
 Ozocubu's Refrigeration  Ice            #.........   100%        6    N/A
 Shadow Creatures         Summ           N/A          100%        6    N/A
 Simulacrum               Ice/Necr       #.........   100%        6    N/A
 Statue Form              Tmut/Erth      #........    100%        6    N/A
 Dragon Form              Tmut           #.........   100%        7    N/A
 Haunt                    Necr/Summ      #.........   100%        7    N/A
 Malign Gateway           Summ/Tloc      #.........   100%        7    N/A
 Orb of Destruction       Conj           #.........   100%        7    N/A
 Spellforged Servitor     Conj/Summ      #.........   100%        7    N/A
 Ignition                 Fire           #.........   100%        8    N/A
 Infestation              Necr           #.........   100%        8    N/A
 Shatter                  Erth           #.........   100%        9    N/A
 Tornado                  Air            #.........   100%        9    N/A
 Borgnjor's Revivificati  Necr           Unusable     N/A         8    N/A
 Death's Door             Chrm/Necr      Unusable     N/A         8    N/A
 Necromutation            Tmut/Necr      Unusable     N/A         8    N/A

Dungeon Overview and Level Annotations

Branches:
Dungeon (15/15)            Temple (1/1) D:5            Lair (6/6) D:9
 Shoals (4/4) Lair:2        Snake (4/4) Lair:4        Slime (0/5) Lair:5
    Orc (2/2) D:11            Elf (0/3) Orc:2        Vaults (4/5) D:13
  Crypt (0/3) Vaults:2     Depths (4/5) D:15        Ossuary (visited)
  IceCv (visited)         Gauntlet (visited)

Altars:
Ashenzari
Cheibriados
Dithmenos
Elyvilon
Fedhas
Gozag
Hepliaklqana
Kikubaaqudgha
Makhleb
Nemelex Xobeh
Okawaru
Qazlal
Ru
Sif Muna
Trog
Uskayaw
Vehumet
Wu Jian
Xom
Yredelemnul
Zin
The Shining One
Beogh
Jiyva

Shops:
D:8 [   D:10 %   D:13 (   Orc:2 }!%*   Lair:1 =*[((=([   Snake:1 !=:(
Snake:2 ?   Snake:4 (   Vaults:1 *}(   Depths:3 [%   Depths:4 !}=}:

Portals:
Hell: Depths:1 Depths:2 Depths:3 Depths:4
Abyss: Depths:1 Depths:2 Depths:3 Depths:4
Pandemonium: Depths:3
Trove: Depths:2 (give 3 potions of resistance)

Annotations:
Lair:6 exclusion: 4 oklob plants
Vaults:2 3 runed translucent doors, Getac's ghost, adept DsGl


Innate Abilities, Weirdness & Mutations

You do not eat.
Your natural rate of healing is unusually fast.
You have razor-sharp teeth.
You have supernaturally acute eyesight. (SInv)
You can survive without breathing.


Message History

The iron dragon claws you but does no damage.
The iron dragon tramples you but does no damage.
You thump the golden dragon!
The golden dragon looks as sick as possible!
The golden dragon is almost dead.
Unknown command.
You closely miss the golden dragon.
The golden dragon is almost dead.
The golden dragon bites you!!
* * * LOW HITPOINT WARNING * * *
The golden dragon claws you!
* * * LOW HITPOINT WARNING * * *
The golden dragon tramples you but does no damage.
You block the iron dragon's attack. x2
The iron dragon tramples you but does no damage.
You hit the golden dragon but do no damage.
The golden dragon is almost dead.
The golden dragon bites you!!
You die...
Your body crumbles into a pile of gold.

..............## #..#
#.# #####..........#
#..#######..
######.#.......#
#..........#
.....##........#
##.#######.# .....|#
#.....# #.# #.# #######
#....########.# #.#
###### #.$$.$......#.#
#.# (....##
#.$.$D#######.# #.)
(..)..#
#....#@D....%.#######.#
####.(#
#....##...#............
####..#
#....###...#.########.#
......#
#....C#........#######.#
.....##
#.....#####............#
###### #..D...#
##...#.####### .......#
###..#.## ##..#.# ######


You could see an iron dragon and a golden dragon.

Vanquished Creatures
  Sojobo (Depths:4)
  Nikola (Shoals:1)
  6 caustic shrikes (Depths:4)
  A lich (Depths:4)
  Jorgrun (D:14)
  2 tentacled monstrosities (Vaults:4)
  A titan (Vaults:4)
  A deep elf blademaster (Depths:2)
  9 sphinxes
  Gastronok (Orc:1)
  5 tengu reavers
  An ancient champion (Depths:3)
  Kirke (D:12)
  A storm dragon (Depths:2)
  9 fire giants
  4 iron dragons
  Aizul (Snake:1)
  A deep elf sorcerer (Vaults:1)
  11 frost giants
  9 vault wardens
  10 nagarajas
  11 ironheart preservers
  A deep elf elementalist (Depths:2)
  12 stone giants
  15 very ugly things
  2 war gargoyles (Vaults:4)
  2 spriggan defenders
  3 entropy weavers
  The ghost of Baiput the Cleaver, a journeyman GrFi of Cheibriados (Lair:5)
  5 spark wasps
  A vampire knight (Depths:4)
  2 minotaurs
  11 ettins
  5 merfolk impalers
  3 merfolk javelineers
  3 deep elf high priests
  2 deep elf death magi
  A crystal guardian (Vaults:3)
  16 ogre magi
  10 fire dragons
  17 yaktaur captains
  11 ice dragons
  15 naga warriors
  4 rakshasas
  10 hydras
  The ghost of Hubyerig the Martial Artist, a journeyman DsGl of Wu Jian (Lair:1)
  15 vault guards
  15 great orbs of eyes
  Harold (D:10)
  3 catoblepae
  11 centaur warriors
  4 spriggan air magi
  8 deep troll shamans
  7 anacondas
  A death knight (Depths:3)
  5 merfolk aquamancers
  40 two-headed ogres
  2 vampire magi
  5 alligator snapping turtles (Shoals:4)
  10 naga sharpshooters
  8 death yaks
  5 satyrs
  5 deep troll earth magi
  10 tengu warriors
  5 deep elf knights
  2 shock serpents
  2 spriggan berserkers
  4 salamander mystics
  4 iron trolls
  6 skeletal warriors (Vaults:1)
  12 sea snakes
  9 wizards
  2 unseen horrors
  24 deep trolls
  A flayed ghost (Vaults:1)
  5 glowing orange brains
  5 naga ritualists
  5 harpies
  The ghost of Xoff the Sneak, a novice OpWz of Vehumet (D:7)
  A lindwurm (shapeshifter) (Depths:1)
  A lindwurm (Lair:6)
  The ghost of bmj180 the Cudgeler, a novice MiFi of Okawaru (D:6)
  2 necromancers
  4 wolf spiders
  12 ironbrand convokers
  5 deep elf archers
  A phantasmal warrior (Depths:3)
  A tengu zombie (Vaults:4)
  32 ugly things
  Pikel (D:4)
  7 mana vipers
  8 orc knights
  11 manticores
  11 deep elf magi
  12 fauns
  A stone giant zombie (Vaults:3)
  4 orc sorcerers
  15 cyclopes
  8 salamanders
  7 guardian serpents (Snake:4)
  13 merfolk sirens
  9 vault sentinels
  A moth of wrath (Gauntlet)
  8 elephants
  A cyclops (shapeshifter) (Depths:1)
  A centaur zombie (D:8)
  A black mamba (shapeshifter) (Vaults:3)
  5 ice statues (IceCv)
  2 water nymphs
  28 black mambas
  17 naga magi
  2 gargoyles
  2 molten gargoyles (Lair:6)
  6 spiny frogs
  A rime drake (shapeshifter) (Vaults:1)
  5 rime drakes
  4 kobold demonologists
  2 efreet (D:13)
  4 anaconda simulacra (IceCv)
  15 komodo dragons
  5 freezing wraiths
  42 yaktaurs
  A red devil (Depths:1)
  2 golden dragon simulacra (IceCv)
  4 harpy zombies (Shoals:4)
  6 tengu conjurers
  8 hornets
  24 merfolk
  A wind drake (shapeshifter) (Depths:1)
  A polar bear (shapeshifter) (Depths:3)
  14 trolls
  A polar bear (Vaults:1)
  17 blink frogs
  11 wind drakes
  11 dream sheep
  25 slime creatures
  2 blink frogs (shapeshifter) (Depths:3)
  3 snapping turtles (Shoals:4)
  6 hippogriffs
  6 redbacks
  An ettin zombie (Vaults:4)
  Sigmund (D:4)
  A redback (shapeshifter) (Depths:3)
  14 water elementals
  5 wyverns
  2 dire elephant simulacra (IceCv)
  A shadow (D:14)
  A tarantella (Vaults:2)
  39 yaks
  A tarantella (shapeshifter) (Depths:2)
  2 hogs (shapeshifter) (Depths:3)
  7 basilisks
  5 wraiths
  17 humans
  2 fire elementals
  A hog (D:12)
  7 vampire mosquitoes (D:15)
  A hungry ghost (D:14)
  6 steam dragons
  A human simulacrum (Vaults:1)
  A swamp worm (shapeshifter) (Depths:3)
  A deep troll zombie (Vaults:3)
  5 wargs
  58 nagas
  A harpy simulacrum (IceCv)
  A soldier ant (D:6)
  2 acid dragons
  8 hell hounds
  9 porcupines
  2 floating eyes (Depths:3)
  9 water moccasins
  28 orc warriors
  5 sky beasts
  2 black bears
  A fire dragon simulacrum (Vaults:1)
  2 slaves
  A necrophage (D:13)
  61 ogres
  11 ice beasts
  2 hornet zombies
  5 wolves (Lair:1)
  2 phantoms
  13 boggarts
  18 centaurs
  11 crocodiles
  12 big kobolds
  2 human zombies
  26 bullfrogs
  2 gnoll sergeants
  A wyvern zombie (D:11)
  2 wyvern skeletons
  2 scorpions (D:11)
  13 killer bees
  8 wights
  7 electric eels (D:13)
  7 howler monkeys
  10 crimson imps
  5 lava snakes (Lair:6)
  5 quasits (D:6)
  2 bullfrog skeletons
  4 centaur skeletons
  7 hounds
  13 orc priests
  3 jellies
  14 orc wizards
  6 iguanas
  Ijyb (D:4)
  11 worker ants
  A killer bee zombie (D:6)
  A big kobold zombie (Ossuary)
  A hound zombie (D:11)
  2 hound skeletons
  8 mummies (Ossuary)
  A worker ant zombie (D:10)
  Robin (D:2)
  2 howler monkey zombies
  7 gnolls
  A howler monkey skeleton (D:10)
  22 adders
  A river rat (Lair:4)
  6 shadow imps
  2 oozes
  An adder zombie (D:9)
  3 adder skeletons
  A worm (D:2)
  A worm (shapeshifter) (D:15)
  2 dart slugs
  10 leopard geckos
  86 orcs
  4 bats
  2 bat zombies (Shoals:4)
  8 giant cockroaches
  14 goblins
  11 hobgoblins
  13 jackals
  7 quokkas
  A ball python (D:2)
  A frilled lizard (D:4)
  A hobgoblin zombie (Ossuary)
  2 jackal skeletons
  15 kobolds
  3 kobold zombies (Ossuary)
  3 orc zombies (Ossuary)
  8 rats
1735 creatures vanquished.

Vanquished Creatures (collateral kills)
  A juggernaut (Depths:3)
  Rupert (D:13)
  A shadow dragon (Vaults:4)
  An iron dragon (Depths:2)
  Azrael (D:15)
  Snorg (Lair:3)
  A spriggan air mage (Depths:3)
  A black mamba (Lair:6)
  2 naga magi (Snake:2)
  4 yaks (Lair:6)
  3 nagas (Snake:2)
17 creatures vanquished.

Vanquished Creatures (others)
  A fire giant (Depths:4)
  A vampire knight (Depths:3)
  2 two-headed ogres (Vaults:2)
  A spriggan berserker (Depths:4)
  A deep troll (Depths:4)
  An ugly thing (Vaults:1)
  A guardian serpent (Snake:4)
  A vault sentinel (Vaults:1)
  A centaur skeleton (D:13)
  2 yaktaurs
  A troll (D:13)
  2 water elementals (D:13)
  A human (D:12)
  An electric eel (D:13)
  An adder (D:4)
  A quokka (D:4)
  2 fungi (D:7)
  8 plants
  2 withered plants (Lair:1)
31 creatures vanquished.

Grand Total: 1783 creatures vanquished

Notes
Turn   | Place    | Note
-------+----------+-------------------------------------------
     0 | D:1      | inmateoo the Vampire Monk began the quest for the Orb.
     0 | D:1      | Reached XP level 1. HP: 17/17 MP: 1/1
    22 | D:1      | Reached skill level 3 in Fighting
   117 | D:1      | Reached XP level 2. HP: 24/24 MP: 2/2
   820 | D:2      | Reached XP level 3. HP: 17/23 MP: 3/3
  1194 | D:2      | Reached XP level 4. HP: 32/32 MP: 4/4
  1215 | D:2      | Noticed Robin
  1233 | D:2      | Killed Robin
  1267 | D:2      | You fall into a shaft and drop 2 floors!
  1391 | D:4      | Noticed Sigmund
  1423 | D:4      | Noticed an ogre
  1446 | D:3      | Reached skill level 4 in Fighting
  1561 | D:3      | Reached XP level 5. HP: 34/37 MP: 3/5
  1998 | D:3      | Reached skill level 5 in Fighting
  2362 | D:2      | Reached XP level 6. HP: 51/51 MP: 6/6
  2764 | D:4      | Killed Sigmund
  2824 | D:4      | Noticed a slave
  2992 | D:2      | Killed a slave
  3164 | D:4      | Noticed Ijyb
  3180 | D:4      | Killed Ijyb
  3180 | D:4      | Reached XP level 7. HP: 57/57 MP: 7/7
  3264 | D:4      | Noticed Pikel
  3278 | D:4      | Killed Pikel
  3278 | D:4      | Reached skill level 6 in Fighting
  3278 | D:4      | Reached skill level 5 in Polearms
  3278 | D:4      | Reached skill level 5 in Dodging
  3350 | D:4      | Got an ancient hand axe
  3351 | D:4      | Identified the +2 hand axe of Caabop {venom, Dex+4} (You
                  | found it on level 4 of the Dungeon)
  3535 | D:4      | Reached XP level 8. HP: 47/65 MP: 6/8
  3743 | D:5      | Entered Level 5 of the Dungeon
  4077 | D:5      | Found a staircase to the Ecumenical Temple.
  4093 | Temple   | Entered the Ecumenical Temple
  4377 | Temple   | Became a worshipper of Gozag Ym Sagoz the Greedy
  4427 | D:5      | Reached skill level 1 in Axes
  4642 | D:6      | Found a transporter.
  4771 | D:6      | Reached skill level 7 in Fighting
  4948 | D:6      | Found a transporter.
  4961 | D:6      | Noticed bmj180's ghost (novice MiFi)
  5036 | D:6      | Found a sand-covered staircase.
  5047 | Ossuary  | Entered an ossuary
  6540 | D:6      | Reached XP level 9. HP: 56/72 MP: 7/9
  6559 | D:6      | Reached skill level 1 in Armour
  6854 | D:7      | Found an opulent altar of Gozag.
  6895 | D:7      | Found a runed translucent gate.
  6896 | D:7      | Found a runed translucent gate.
  6897 | D:7      | Found a runed translucent gate.
  6900 | D:7      | Noticed Xoff's ghost (novice OpWz)
  7131 | D:7      | Reached skill level 8 in Fighting
  8147 | D:7      | Reached XP level 10. HP: 80/80 MP: 10/10
  8181 | D:7      | Killed Xoff's ghost
  8181 | D:7      | Reached skill level 5 in Axes
  8538 | D:8      | Found Enti's Armour Emporium.
  8545 | D:8      | Found a white marble altar of Elyvilon.
  8546 | D:8      | Found a hide-covered altar of Uskayaw.
  8546 | D:8      | Found an iron altar of Okawaru.
  8547 | D:8      | Found a shimmering altar of Xom.
  8575 | D:8      | Bought the +2 shield of Resistance {rF+ rC+ MR+} for 534
                  | gold pieces
  8575 | D:8      | Found the +2 shield of Resistance {rF+ rC+ MR+}
  8575 | D:8      | Bought a +0 cloak for 58 gold pieces
  8575 | D:8      | Bought a +0 pair of boots for 58 gold pieces
  8624 | D:8      | Found an iron altar of Okawaru.
  8712 | D:8      | Found a blossoming altar of Fedhas.
  8742 | D:8      | Reached skill level 5 in Armour
  8742 | D:8      | Reached skill level 1 in Shields
  8866 | D:8      | Found a burning altar of Makhleb.
  9997 | D:9      | Found a staircase to the Lair.
 10175 | D:9      | Reached skill level 9 in Fighting
 10352 | D:9      | Noticed an elephant
 10370 | D:9      | Killed an elephant
 10539 | D:10     | Entered Level 10 of the Dungeon
 10716 | D:10     | Found Zetidupt's Food Shop.
 10785 | D:10     | Reached XP level 11. HP: 50/89 MP: 5/11
 11461 | D:10     | Reached skill level 5 in Shields
 11542 | D:10     | Noticed Harold
 11556 | D:10     | Killed Harold
 11556 | D:10     | Reached skill level 10 in Fighting
 11793 | D:11     | Found a staircase to the Orcish Mines.
 11939 | D:11     | Reached skill level 1 in Throwing
 12074 | D:11     | Noticed an orc sorcerer
 12520 | D:11     | Found the +9 staff of Olgreb {rPois∞}
 12621 | D:11     | Noticed a sixfirhy
 12621 | D:11     | Killed an orc sorcerer
 12737 | D:12     | Reached skill level 1 in Staves
 12780 | D:12     | Noticed a two-headed ogre
 12841 | D:12     | Killed a two-headed ogre
 12850 | D:12     | Noticed a deep elf mage
 12902 | D:12     | Killed a deep elf mage
 12902 | D:12     | Reached XP level 12. HP: 92/99 MP: 10/12
 13036 | D:12     | Found a sacrificial altar of Ru.
 13106 | D:12     | Noticed a two-headed ogre
 13116 | D:12     | Killed a two-headed ogre
 13294 | D:12     | Noticed Kirke
 13325 | D:12     | Noticed a sphinx
 13331 | D:12     | Paralysed by a sphinx for 5 turns
 13342 | D:13     | Found a gate to the Vaults.
 13342 | D:13     | Noticed Rupert
 13342 | D:13     | Noticed a centaur warrior
 13370 | D:13     | Reached skill level 1 in Evocations
 13722 | D:13     | Noticed a two-headed ogre
 13746 | D:13     | Killed a two-headed ogre
 14091 | D:13     | Noticed a centaur warrior
 14119 | D:13     | Killed a centaur warrior
 14267 | D:13     | Killed a centaur warrior
 14500 | D:13     | Noticed a tengu warrior
 14762 | D:12     | Noticed a sphinx
 14763 | D:12     | Killed Kirke
 15077 | D:13     | Noticed a centaur warrior
 15355 | Lair:1   | Entered Level 1 of the Lair of Beasts
 15377 | Lair:1   | Reached skill level 11 in Fighting
 15429 | D:8      | Bought a +3 scale mail of fire resistance for 338 gold
                  | pieces
 15468 | Lair:1   | You fall into a shaft and drop 1 floor!
 15779 | Lair:2   | Found a staircase to the Shoals.
 15800 | Lair:2   | Reached XP level 13. HP: 84/106 MP: 13/15
 16410 | Lair:3   | Noticed Snorg
 16987 | Lair:1   | Found a runed translucent door.
 16988 | Lair:1   | Noticed Hubyerig's ghost (journeyman DsGl)
 17696 | Lair:3   | Identified a scroll of acquirement
 17696 | Lair:3   | Identified the ring "Bozxigh" {*Slow rPois rC+ Stlth+} (You
                  | acquired it on level 3 of the Lair of Beasts)
 17890 | Lair:3   | Killed Snorg
 18659 | Lair:4   | Found a staircase to the Snake Pit.
 19598 | Lair:6   | Entered Level 6 of the Lair of Beasts
 19628 | Lair:6   | Reached skill level 5 in Evocations
 19635 | Lair:6   | Reached skill level 10 in Dodging
 19803 | Lair:6   | Found a gate leading to a gauntlet.
 19813 | Gauntlet | Entered a Gauntlet
 19813 | Gauntlet | Found a transporter.
 19813 | Gauntlet | Found a transporter.
 19825 | Gauntlet | Found a transporter.
 19829 | Gauntlet | Found a transporter.
 19840 | Gauntlet | Found a transporter.
 19841 | Gauntlet | Found a transporter.
 19845 | Gauntlet | Found a runed translucent door.
 19847 | Gauntlet | Found a runed translucent door.
 19849 | Gauntlet | Found a transporter.
 19864 | Gauntlet | Found a transporter.
 19868 | Gauntlet | Found a runed translucent door.
 19882 | Gauntlet | Found a transporter.
 19883 | Gauntlet | Found a transporter.
 19891 | Gauntlet | Found a transporter.
 19895 | Gauntlet | Found a transporter.
 20093 | Gauntlet | Reached XP level 14. HP: 107/113 MP: 14/17
 20152 | Gauntlet | Reached skill level 5 in Staves
 20280 | Gauntlet | Got a pair of bloodstained boots
 20411 | Gauntlet | Identified the cursed +0 pair of boots of the Skies Above
                  | {MR+ Dex+6} (You found it in a Gauntlet)
 20462 | Gauntlet | Identified the Tome of Transmutation
 20463 | Gauntlet | Got a sparkling sapphire amulet
 20465 | Gauntlet | Identified the Collected Works on Curses
 20469 | Gauntlet | Identified the Collected Works on Dislocation
 20473 | Gauntlet | Identified Sif Muna's Collected Works on Good Luck
 20475 | Gauntlet | Got an opal-encrusted ring mail
 20491 | Gauntlet | Identified the +0 ring mail of Fiwis {rElec MR+ Dex+3
                  | Slay-5} (You found it in a Gauntlet)
 20503 | Gauntlet | Identified the amulet "Wasujas" {Faith Int+3 Stlth+} (You
                  | found it in a Gauntlet)
 22053 | Lair:6   | Learned a level 1 spell: Apportation
 22609 | Lair:6   | Found a large runed translucent door.
 22698 | Lair:6   | Found a large runed translucent door.
 23474 | Lair:5   | Found a viscous altar of Jiyva.
 23475 | Lair:5   | Found a staircase to the Slime Pits.
 23515 | Lair:5   | Found a runed translucent gate.
 23516 | Lair:5   | Found a runed translucent gate.
 23517 | Lair:5   | Found a runed translucent gate.
 23518 | Lair:5   | Noticed Baiput's ghost (journeyman GrFi)
 24340 | Orc:1    | Entered Level 1 of the Orcish Mines
 24340 | Orc:1    | Found a roughly hewn altar of Beogh.
 24364 | Orc:1    | Noticed Gastronok
 24606 | Orc:1    | Killed Gastronok
 24850 | Orc:1    | Found a roughly hewn altar of Beogh.
 24941 | Orc:1    | Reached skill level 12 in Fighting
 25138 | Orc:2    | Entered Level 2 of the Orcish Mines
 25429 | Orc:2    | Found a staircase to the Elven Halls.
 25549 | Orc:2    | Reached XP level 15. HP: 60/120 MP: 3/19
 25563 | Orc:2    | HP: 3/120 [cyclops/large rock (21)]
 26273 | Orc:2    | Found Soxkaac's Distillery.
 26274 | Orc:2    | Found Nauri's Assorted Antiques.
 26325 | Orc:2    | Found Ysakokargh's Gadget Shoppe.
 26327 | Orc:2    | Bought a potion of curing for 39 gold pieces
 26327 | Orc:2    | Bought a potion of stabbing for 52 gold pieces
 26327 | Orc:2    | Bought 2 potions of mutation for 208 gold pieces
 26327 | Orc:2    | Bought a potion of curing for 39 gold pieces
 26327 | Orc:2    | Bought a potion of magic for 104 gold pieces
 26327 | Orc:2    | Bought a potion of heal wounds for 65 gold pieces
 26332 | Orc:2    | Bought a scroll labeled MIPA JUYZXIDEU for 28 gold pieces
 26332 | Orc:2    | Bought a scroll of enchant weapon for 210 gold pieces
 26332 | Orc:2    | Bought a scroll of teleportation for 84 gold pieces
 26332 | Orc:2    | Bought a scroll of blinking for 210 gold pieces
 26334 | Orc:2    | Found Hyocyur's Food Boutique.
 26659 | Orc:2    | Bought a phial of floods for 560 gold pieces
 27007 | D:13     | Found Reemuy's Weapon Shoppe.
 27108 | D:13     | Identified the ring of Qolaruod {rElec Dex+3}
 27688 | D:13     | Killed Rupert
 28370 | D:14     | Noticed Jorgrun
 28388 | D:14     | Killed Jorgrun
 29114 | D:15     | Entered Level 15 of the Dungeon
 29135 | D:15     | Reached skill level 13 in Fighting
 29997 | D:15     | Reached XP level 16. HP: 90/131 MP: 16/21
 30171 | D:15     | Noticed Azrael
 30306 | D:15     | Killed Azrael
 30475 | D:15     | Reached skill level 10 in Shields
 30476 | D:15     | Found a staircase to the Depths.
 30743 | Lair:1   | Bought a potion of heal wounds for 160 gold pieces
 30743 | Lair:1   | Bought a scroll labeled FINIOX OLYX for 32 gold pieces
 30743 | Lair:1   | Bought a potion of curing for 96 gold pieces
 30743 | Lair:1   | Bought a potion of might for 128 gold pieces
 30743 | Lair:1   | Bought a scroll of identify for 64 gold pieces
 30743 | Lair:1   | Bought a scroll of teleportation for 96 gold pieces
 30747 | Lair:1   | Bought the ring of Fipeo {*Slow rElec rF+ rC+ Stlth+} for
                  | 558 gold pieces
 30961 | Lair:1   | Bought a runed cloak for 210 gold pieces
 30974 | Lair:1   | Bought a runed cloak for 210 gold pieces
 30995 | Lair:1   | Bought a pearl-encrusted scale mail for 306 gold pieces
 30995 | Lair:1   | Bought a pair of scorched boots for 323 gold pieces
 30995 | Lair:1   | Identified the +4 scale mail "Ruduyxt" {MP+9 Str+3} (You
                  | bought it in a shop on level 1 of the Lair of Beasts)
 30998 | Lair:1   | Identified the cursed +0 pair of boots of Hairiness {rElec
                  | Dex-3 Slay+3} (You bought it in a shop on level 1 of the
                  | Lair of Beasts)
 31174 | Depths:1 | Entered Level 1 of the Depths
 31174 | Depths:1 | Found a one-way gate to the infinite horrors of the Abyss.
 31396 | Depths:1 | You fall into a shaft and drop 1 floor!
 32149 | D:15     | Reached skill level 10 in Armour
 32554 | Depths:1 | Reached skill level 14 in Fighting
 32968 | Depths:1 | Found a gateway to Hell.
 34318 | Depths:1 | Reached skill level 15 in Fighting
 34883 | Lair:1   | Bought faintly glowing gold dragon scales for 2890 gold
                  | pieces
 34884 | Lair:1   | Identified the cursed +1 gold dragon scales of Weirdness
                  | {rPois rF+ rC+ Str+3 Stlth+} (You bought it in a shop on
                  | level 1 of the Lair of Beasts)
 34971 | Snake:1  | Entered Level 1 of the Snake Pit
 35548 | Snake:1  | Found Isodahukh's Distillery.
 35551 | Snake:1  | Found Huxejuca's Book Shop.
 35551 | Snake:1  | Found Zestrec's Jewellery Boutique.
 35558 | Snake:1  | Found Pifal's Antique Weapon Shop.
 35570 | Snake:1  | Noticed Aizul
 35613 | Snake:1  | Killed Aizul
 35716 | Snake:1  | Reached XP level 17. HP: 33/142 MP: 8/23
 37709 | Snake:2  | Found Hunweled's Magic Scroll Shoppe.
 37937 | Snake:2  | Bought a scroll of magic mapping for 52 gold pieces
 38242 | Snake:2  | Identified a +0 pair of boots of running (You found it on
                  | level 2 of the Snake Pit)
 39603 | Snake:4  | Entered Level 4 of the Snake Pit
 39617 | Snake:4  | Reached skill level 10 in Staves
 39772 | Snake:4  | Found a frozen archway.
 39817 | IceCv    | Entered an ice cave
 41067 | IceCv    | Got a shimmering bronze ring
 41068 | IceCv    | Identified the ring of Elyvilon's Benevolence {rElec rC+
                  | MP+9 Str+4 Dex+4} (You found it in an ice cave)
 41193 | Snake:4  | Found a stormy altar of Qazlal.
 41327 | Snake:4  | Found Jaitaar's Antique Weapon Boutique.
 41995 | Snake:4  | Reached skill level 16 in Fighting
 43060 | Snake:4  | Reached XP level 18. HP: 44/153 MP: 8/24
 43821 | Snake:4  | Reached skill level 17 in Fighting
 44428 | Snake:4  | Got a serpentine rune of Zot
 44645 | Shoals:1 | Entered Level 1 of the Shoals
 45011 | Shoals:1 | Noticed Nikola
 45068 | Shoals:1 | Killed Nikola
 46158 | Shoals:2 | Reached skill level 18 in Fighting
 47201 | Shoals:4 | Entered Level 4 of the Shoals
 47204 | Shoals:4 | Noticed Polyphemus
 48800 | Shoals:4 | Got a barnacled rune of Zot
 49589 | Shoals:4 | Identified the cursed +1 spear "Jeqyug" {vorpal, rC- rN+
                  | Int+6}
 50009 | Shoals:4 | Reached XP level 19. HP: 108/163 MP: 17/26
 50432 | Shoals:4 | Noticed Polyphemus
 50432 | Shoals:4 | Polyphemus changed into Polyphemus the sphinx
 50475 | Shoals:4 | Killed Polyphemus the sphinx
 50484 | Shoals:4 | Reached skill level 10 in Evocations
 50764 | Vaults:1 | Entered Level 1 of the Vaults
 51008 | Vaults:1 | Found Yteli's Gadget Shop.
 51030 | Vaults:1 | Found Meoqajash's Assorted Antiques.
 51031 | Vaults:1 | Found Coloj's Antique Weapon Shoppe.
 51038 | Vaults:1 | Bought a scroll of teleportation for 123 gold pieces
 51999 | Vaults:1 | Found Paenext's Gadget Emporium.
 53622 | Vaults:1 | Reached skill level 5 in Throwing
 54559 | Vaults:2 | Found a staircase to the Crypt.
 54559 | Vaults:2 | Found a basalt altar of Yredelemnul.
 54560 | Vaults:2 | Found an ancient bone altar of Kikubaaqudgha.
 55409 | Vaults:2 | Found a runed translucent gate.
 55409 | Vaults:2 | Found a runed translucent gate.
 55409 | Vaults:2 | Found a runed translucent gate.
 55411 | Vaults:2 | Noticed Getac's ghost (adept DsGl)
 56313 | D:6      | Killed bmj180's ghost
 56351 | D:6      | Got the ring of Rimihaf {Dex+2}
 56352 | D:6      | Identified the ring of Rimihaf {rPois Str+3 Dex+2} (You
                  | found it on level 6 of the Dungeon)
 56505 | Lair:1   | Killed Hubyerig's ghost
 56826 | Lair:5   | Killed Baiput's ghost
 56893 | Lair:5   | Identified the cursed +3 lajatang "Ohanoerapa" {flame, MR+
                  | MP+9 Str+4 Stlth+} (You found it on level 5 of the Lair of
                  | Beasts)
 57161 | Orc:2    | Bought a box of beasts for 280 gold pieces
 57161 | Orc:2    | Bought a box of beasts for 280 gold pieces
 57167 | Orc:2    | Bought a sack of spiders for 560 gold pieces
 57167 | Orc:2    | Bought a sack of spiders for 560 gold pieces
 57394 | Snake:1  | Bought a potion of might for 68 gold pieces
 57394 | Snake:1  | Bought a potion of curing for 51 gold pieces
 57394 | Snake:1  | Bought a potion of might for 68 gold pieces
 57394 | Snake:1  | Bought a potion of invisibility for 136 gold pieces
 57394 | Snake:1  | Bought a potion of curing for 51 gold pieces
 57516 | Lair:1   | Bought the cursed necklace of Bloodlust {*Rage +Rage MR++
                  | Int-3 Slay+6 *Curse} for 968 gold pieces
 57516 | Lair:1   | Found the cursed necklace of Bloodlust {*Rage +Rage MR++
                  | Int-3 Slay+6 *Curse}
 57755 | Vaults:3 | Reached XP level 20. HP: 172/172 MP: 28/28
 61720 | Vaults:4 | Reached XP level 21. HP: 149/179 MP: 30/30
 62614 | Depths:2 | Found the +8 autumn katana {vorpal, Clar}
 62825 | Depths:2 | Reached skill level 1 in Long Blades
 63089 | Depths:2 | Found a portal to a secret trove of treasure.
 63324 | Depths:2 | Reached skill level 19 in Fighting
 64826 | Depths:3 | Noticed a juggernaut
 64838 | Depths:3 | Killed a juggernaut
 64851 | Depths:3 | Identified the cursed +0 helmet of Calculation {Dex+6 SInv}
                  | (You found it on level 3 of the Depths)
 64953 | Depths:3 | Got a fine iron ring
 64954 | Depths:3 | Identified the ring of Arrival {rElec SInv Stlth+} (You
                  | found it on level 3 of the Depths)
 65063 | Depths:3 | Paralysed by a floating eye for 2 turns
 65166 | Depths:3 | Got a smoking golden ring
 65167 | Depths:3 | Identified the ring "Beewail" {rPois SInv} (You found it on
                  | level 3 of the Depths)
 65266 | Depths:3 | Found a one-way gate leading to the halls of Pandemonium.
 65819 | Depths:3 | Got a fine jade ring
 65820 | Depths:3 | Identified the ring "Daeriat" {+Fly rF- Int+4 Dex+8} (You
                  | found it on level 3 of the Depths)
 65885 | Depths:3 | Reached skill level 5 in Long Blades
 66317 | Depths:3 | Found Vyuklu Vuecu's Food Boutique.
 66548 | Depths:3 | Reached XP level 22. HP: 188/188 MP: 32/32
 66666 | Depths:3 | Found Hamynasm's Armour Shoppe.
 67032 | Depths:4 | Noticed a caustic shrike
 67039 | Depths:4 | Killed a caustic shrike
 67895 | Depths:4 | Found Axkahierr's Book Shop.
 67909 | Depths:4 | Noticed Sojobo
 67954 | Depths:4 | Killed Sojobo
 68099 | Depths:4 | Found Jawe's Gadget Shoppe.
 68099 | Depths:4 | Found Cifiz's Jewellery Shop.
 68100 | Depths:4 | Found Ivahalan's Gadget Shoppe.
 68110 | Depths:4 | Bought a sack of spiders for 340 gold pieces
 68110 | Depths:4 | Bought a box of beasts for 340 gold pieces
 68110 | Depths:4 | Bought a wand of clouds (5) for 459 gold pieces
 68110 | Depths:4 | Bought a phantom mirror for 510 gold pieces
 68110 | Depths:4 | Bought a phantom mirror for 510 gold pieces
 68110 | Depths:4 | Bought a phantom mirror for 510 gold pieces
 68110 | Depths:4 | Bought a wand of acid (10) for 476 gold pieces
 68160 | Depths:4 | Found Atip's Distillery.
 68160 | Depths:4 | Noticed a caustic shrike
 68160 | Depths:4 | Noticed a caustic shrike
 68160 | Depths:4 | Noticed a caustic shrike
 68160 | Depths:4 | Noticed a caustic shrike
 68161 | Depths:4 | Noticed a caustic shrike
 68174 | Depths:4 | Killed a caustic shrike
 68179 | Depths:4 | Killed a caustic shrike
 68498 | Depths:4 | Killed a caustic shrike
 68510 | Depths:4 | Killed a caustic shrike
 68778 | Depths:4 | Bought a +4 ring of slaying for 1404 gold pieces
 68806 | Depths:4 | Killed a caustic shrike
 69064 | Depths:4 | Bought a potion of heal wounds for 80 gold pieces
 69064 | Depths:4 | Bought a potion of heal wounds for 80 gold pieces
 69064 | Depths:4 | Bought 2 potions of mutation for 256 gold pieces
 69064 | Depths:4 | Bought a potion of curing for 48 gold pieces
 69064 | Depths:4 | Bought a potion of mutation for 128 gold pieces
 69672 | Depths:4 | Reached skill level 10 in Long Blades
 69937 | Depths:4 | Noticed a golden dragon
 69977 | Depths:4 | Mangled by a golden dragon

Levels and vault maps discovered:
D:1:      scummos_arrival_simple_fountains, layout_loops_ring,
          chequers_serial_rivers_micro_a, lemuel_flame_loot_1
D:2:      layout_loops_ring, uniq_robin
D:3:      layout_basic
D:4:      layout_cave_pools, chequers_serial_rivers_small_b, st_stairs_13,
          uniq_sigmund, uniq_ijyb, uniq_pikel
D:5:      layout_cave_pods, minmay_temple_entry_mini_moons, first_ration,
          kennysheep_another_room
D:6:      layout_rooms, gammafunk_ghost_stat_death,
          nicolae_ossuary_entry_monument, serial_co_window_serial,
          co_window_corner_a, co_window_paths_b, co_window_corner_a,
          co_window_paths_a, co_window_paths_a, co_window_corner_a,
          co_window_corner_a, co_window_paths_a, co_window_paths_a,
          co_window_paths_c, co_window_corner_b, co_window_of_opportunity_b,
          co_window_cross_3, co_window_of_opportunity_c, co_window_broadway_a,
          co_window_paths_c, co_window_paths_e, glass_columns_a,
          glass_columns_c, glass_columns_a, glass_columns_b
D:7:      layout_basic, basic_altar, gammafunk_ghost_nasty_kobolds
D:8:      layout_basic, chequers_temple_overflow_statue_of_worship,
          fedhas_altar_2, overflow_temple_1_default, serial_shops, shop,
          grunt_pizzeria, okawaru_gym_becter
D:9:      layout_basic, david_lair_generic, minmay_hedge_maze,
          lightli_fourway_metalbox
D:10:     layout_grid_maze, serial_shops, nicolae_shop_window_shopping,
          uniq_harold
D:11:     layout_loops_cross, orc_0_dummy, minmay_misc_feat_columns,
          minmay_three_doors
D:12:     layout_loops_ring, nicolae_ru_sacrificial_ziggurat, uniq_kirke
D:13:     layout_stronghold, david_vaults_3, serial_shops, nicolae_shop_trees,
          kennysheep_boxes
D:14:     layout_loops_ring, uniq_rupert, uniq_jorgrun
D:15:     grunt_enter_depths_magical_seal, layout_small_grid, special_room
          [special_room_orc], ebering_dispersal_statue_hall, uniq_azrael
Temple:   nicolae_temple_x_marks_the_god
Lair:1:   layout_chaotic_city, gammafunk_ghost_grave,
          chequers_serial_rivers_small_3, grunt_megastairs_3
Lair:2:   layout_small_grid, minmay_shoals_entry_beasts
Lair:3:   layout_regular_city, serial_bayou_shore_b, uniq_snorg
Lair:4:   layout_cave_pods, guppyfry_snake_entry_island, pond
Lair:5:   layout_long_grid, slime_altar_1, gammafunk_ghost_hydra_chop,
          grunt_megastairs_2
Lair:6:   cheibrodos_lair_end_hotspot, layout_layer_cave,
          gauntlet_entry_generic, minmay_lair_oklob_chamber
Shoals:1: layout_shoals, uniq_nikola
Shoals:2: layout_shoals, nicolae_shoals_drake_roost
Shoals:3: layout_shoals
Shoals:4: shoals_end_simple, layout_shoals, nicolae_shoals_undead_eyrie,
          uniq_polyphemus
Snake:1:  layout_onion, hangedman_snake_wide_pillar_pass, grunt_ministairs_7,
          minmay_shoptagon, uniq_aizul
Snake:2:  layout_onion_interference, serial_shops, shop
Snake:3:  layout_chambers, nicolae_snake_serpentine_hallways
Snake:4:  johnstein_snake_rune_scales, layout_cave_pods, serial_shops, shop,
          portal_ice_cave_entry_horrid_things, lemuel_altar_in_water2
Orc:1:    layout_caves, hangedman_feature_mirror, uniq_gastronok
Orc:2:    st_orc_open, layout_diamond_mine
Vaults:1: v_misc_23, nicolae_vaults_three_branches, ontoclasm_vaults_chip,
          serial_ice_h, hangedman_vaults_nodes, hangedman_vaults_stream,
          vaults_mumra_minichess_inversion, ontoclasm_vaults_eye, v_misc_25,
          v_misc_15, ontoclasm_vaults_tryst, vaults_room_pool,
          layout_vaults_ring, serial_shops, shop_fountains,
          nicolae_shop_overgrown_old_shop, nicolae_shop_stone, shop
Vaults:2: gammafunk_vaults_ghost_necromancy, grunt_vaults_hallway_long,
          v_pattern_3, ontoclasm_vaults_misaligned, ontoclasm_vaults_chip,
          grunt_vaults_focal, ontoclasm_vaults_twist,
          layout_vaults_chaotic_city, minmay_crypt_entry_necro_gods,
          serial_glass
Vaults:3: nicolae_vaults_little_squares_6, v_misc_1,
          nicolae_vaults_quartermaster, v_misc_16,
          nicolae_vaults_yaktaur_gun_rack, v_rooms_2,
          nicolae_vaults_little_squares_1, v_misc_2, vaults_room_semicircle,
          grunt_vaults_funnel, grunt_vaults_diagonal, v_misc_9, v_misc_15,
          vaults_room_pools, layout_vaults_omnicross
Vaults:4: vaults_room_door_hall, hangedman_vaults_variations, st_greater_box_2,
          nicolae_vaults_alarming, v_misc_11, nicolae_vaults_circle_grid_b,
          nicolae_vaults_big_angled_halls, nicolae_vaults_circle_grid_b,
          vaults_room_fours, hangedman_vaults_restitches,
          nicolae_vaults_specimen_jars, vaults_dpeg_hooks,
          nicolae_vaults_little_squares_3, grunt_vaults_hallway_short,
          layout_vaults_maze
Depths:1: layout_forbidden_donut, hangedman_geh_valley, abyss_entry,
          hangedman_decor_growths, minmay_misc_feat_ornament,
          due_unseen_surprise
Depths:2: minmay_the_grid_net [minmay_the_grid_all_tris,
          minmay_the_grid_spin_star, minmay_the_grid_minigrid_medium,
          minmay_the_grid_embedded, minmay_the_grid_mess,
          minmay_the_grid_prize_four_corners], layout_cave_pools,
          minmay_fountain_box, enter_trove_1, hell_entry,
          marbit_kobold_abyss_entry, wheals_unrand_guarded_autumn_katana,
          serial_bayou_shore_b
Depths:3: hangedman_spin_cycle, abyss_entry, hell_entry, pan_entry
Depths:4: minmay_nested_s, layout_gridlike, serial_shops,
          nicolae_shop_waterfront, shop, hell_entry, abyss_entry,
          kennysheep_generic_room_4, minmay_shop_grove,
          infiniplex_staircase_spiral_double, uniq_sojobo

Skill      XL: |  1  2  3  4  5  6  7  8  9 10 11 12 13 14 15 16 17 18 19 20 21 22 |
---------------+-------------------------------------------------------------------+-----
Fighting       | 3 4 5 6 7 8 9 10 11 12 13 15 16 18 19 | 19.7
Polearms       | 3 4 5 6 7 8 |  8.4
Dodging        | 4 5 7 8 10 11 12 | 12.0
Axes           | 1 4 6 7 8 |  8.4
Armour         | 3 5 6 8 9 10 11 12 13 | 13.0
Shields        | 4 5 6 8 9 10 11 12 13 | 13.4
Throwing       | 2 3 4 5 |  5.0
Staves         | 1 4 6 7 8 11 12 13 14 | 14.3
Evocations     | 3 5 6 7 9 11 12 14 | 14.0
Long Blades    | 5 10 | 10.3
Stealth        | |  3.0

Action                   |  1- 3 |  4- 6 |  7- 9 | 10-12 | 13-15 | 16-18 | 19-21 | 22-24 || total
-------------------------+-------+-------+-------+-------+-------+-------+-------+-------++-------
Melee: Spear             |   114 |   342 |     7 |       |       |       |       |       ||   463
       Bite              |     8 |    29 |    71 |   180 |   384 |   586 |   567 |   159 ||  1984
       Unarmed           |       |    17 |    33 |       |       |       |       |       ||    50
       Hand axe          |       |       |   456 |   734 |       |       |       |       ||  1190
       Staff             |       |       |       |   475 |  2070 |  3414 |  2518 |   651 ||  9128
Throw: Boomerang         |       |     1 |    12 |       |    11 |     8 |       |       ||    32
       Dart              |       |       |       |       |     3 |       |       |       ||     3
Invok: Call Merchant     |       |       |       |       |       |     7 |     1 |       ||     8
 Abil: Exsanguinate      |     1 |       |       |       |       |     1 |       |       ||     2
       Revivify          |     1 |       |       |       |       |       |       |       ||     1
       Evoke Invisibilit |       |       |       |       |       |     4 |     2 |       ||     6
Evoke: Wand              |       |     1 |     2 |    18 |    17 |    35 |     6 |     3 ||    82
       Box of beasts     |       |       |       |       |     7 |       |     3 |     1 ||    11
       Staff of Olgreb   |       |       |       |       |    50 |    16 |    34 |    15 ||   115
       Phial of floods   |       |       |       |       |     1 |     4 |     3 |     1 ||     9
       Lightning rod     |       |       |       |       |       |    16 |    12 |    10 ||    38
       Tin of tremorston |       |       |       |       |       |     2 |       |       ||     2
       Sack of spiders   |       |       |       |       |       |     1 |     3 |     2 ||     6
       Fan of gales      |       |       |       |       |       |       |     4 |       ||     4
  Use: Scroll            |     3 |     6 |     3 |     4 |    12 |    24 |    12 |     5 ||    69
       Potion            |       |     1 |     1 |       |     3 |     1 |     2 |     3 ||    11
 Stab: Sleeping          |     5 |    13 |    10 |     8 |     3 |     1 |       |       ||    40
       Distracted        |       |       |     3 |     8 |    19 |    17 |    23 |     6 ||    76
       Invisible         |       |       |       |       |       |    13 |     8 |       ||    21
       Paralysed         |       |       |       |       |       |     5 |       |       ||     5
       Held in net/web   |       |       |       |       |       |       |     2 |       ||     2
Armor: Robe              |    13 |    70 |    30 |       |       |       |       |       ||   113
       Skin              |       |     6 |     8 |       |       |       |       |       ||    14
       Chain mail        |       |       |   120 |       |       |       |       |       ||   120
       Ring mail         |       |       |     8 |   286 |       |       |       |       ||   294
       Scale mail        |       |       |       |    27 |   486 |   171 |       |       ||   684
       Gold dragon scale |       |       |       |       |       |  1150 |   922 |   223 ||  2295
Dodge: Dodged            |    81 |   184 |   261 |   552 |   934 |   755 |   457 |   172 ||  3396
Block: Kite shield       |       |       |       |   632 |  1269 |  1891 |  1308 |   348 ||  5448

Table legend:
 A = Non-vault XP
 B = Vault XP
 C = Vault XP percentage of total XP
 D = Non-vault monster count
 E = Vault monster count
 F = Vault count percentage of total count
                 A         B        C        D         E       F
            +---------+---------+-------+---------+---------+-------
      Total |  430874 |  410387 |  48.8 |    1133 |     627 |  35.6
            +---------+---------+-------+---------+---------+-------
        D:1 |      29 |       0 |   0.0 |      16 |       0 |   0.0
        D:2 |     132 |      29 |  18.0 |      29 |       8 |  21.6
        D:3 |     179 |       0 |   0.0 |      34 |       0 |   0.0
        D:4 |     316 |     849 |  72.9 |      14 |       3 |  17.6
        D:5 |     494 |       0 |   0.0 |      14 |       0 |   0.0
        D:6 |    1602 |    1025 |  39.0 |      23 |       7 |  23.3
        D:7 |    1581 |    1444 |  47.7 |      27 |       9 |  25.0
        D:8 |     873 |     196 |  18.3 |      16 |       1 |   5.9
        D:9 |    1860 |    1156 |  38.3 |      32 |       8 |  20.0
       D:10 |    2889 |     981 |  25.3 |      33 |       1 |   2.9
       D:11 |    4963 |    1127 |  18.5 |      49 |       3 |   5.8
       D:12 |    6327 |    2956 |  31.8 |      30 |       6 |  16.7
       D:13 |    8146 |    5910 |  42.0 |      39 |      16 |  29.1
       D:14 |   12134 |    3508 |  22.4 |      37 |       4 |   9.8
       D:15 |   22880 |    9151 |  28.6 |      49 |      37 |  43.0
     Lair:1 |    5305 |    1247 |  19.0 |      23 |       3 |  11.5
     Lair:2 |    4367 |     854 |  16.4 |      21 |       2 |   8.7
     Lair:3 |    3030 |     920 |  23.3 |      12 |       1 |   7.7
     Lair:4 |    3049 |     650 |  17.6 |       8 |       6 |  42.9
     Lair:5 |    2770 |    4387 |  61.3 |       9 |       8 |  47.1
     Lair:6 |   19662 |   11118 |  36.1 |      53 |      35 |  39.8
   Shoals:1 |   10457 |    4552 |  30.3 |      24 |       1 |   4.0
   Shoals:2 |    5439 |    1788 |  24.7 |      12 |       7 |  36.8
   Shoals:3 |    4140 |    4413 |  51.6 |       7 |       5 |  41.7
   Shoals:4 |   19521 |   20252 |  50.9 |      37 |      35 |  48.6
    Snake:1 |   14407 |    2623 |  15.4 |      25 |       3 |  10.7
    Snake:2 |   15008 |       0 |   0.0 |      37 |       0 |   0.0
    Snake:3 |    6933 |       0 |   0.0 |      11 |       0 |   0.0
    Snake:4 |   18900 |   40024 |  67.9 |      37 |      69 |  65.1
      Orc:1 |    4458 |    3182 |  41.6 |      43 |       3 |   6.5
      Orc:2 |    1279 |   15008 |  92.1 |      20 |      36 |  64.3
   Vaults:1 |   39693 |   16132 |  28.9 |      62 |      27 |  30.3
   Vaults:2 |   21498 |    5379 |  20.0 |      46 |      11 |  19.3
   Vaults:3 |   31744 |   21133 |  40.0 |      45 |      40 |  47.1
   Vaults:4 |   18266 |   55166 |  75.1 |      25 |      44 |  63.8
   Depths:1 |   33557 |    1331 |   3.8 |      60 |       2 |   3.2
   Depths:2 |   18670 |   33066 |  63.9 |      21 |      27 |  56.2
   Depths:3 |       0 |   70030 | 100.0 |       0 |      70 | 100.0
   Depths:4 |   64316 |   57087 |  47.0 |      53 |      43 |  44.8
    Ossuary |       0 |     183 | 100.0 |       0 |      16 | 100.0
      IceCv |       0 |    8374 | 100.0 |       0 |      22 | 100.0
   Gauntlet |       0 |    3156 | 100.0 |       0 |       8 | 100.0
            +---------+---------+-------+---------+---------+-------
